 Dungeon Crawl Stone Soup version 0.30-a0-782-ge64f9170bb (console) character file.

Game seed: 412304712868628147

15371 utis the Nimble (level 12, 0/76 HPs)
             Began as a Tengu Wanderer on Feb 25, 2023.
             Slain by a skyshark (10 damage)
             ... on level 2 of the Lair of Beasts.
             The game lasted 01:30:59 (16897 turns).

utis the Nimble (Tengu Wanderer)                   Turns: 16897, Time: 01:31:00

Health: 0/76       AC:  7    Str: 15    XL:     12   Next: 26%
Magic:  12/18      EV: 22    Int: 14    God:
Gold:   1090       SH:  0    Dex: 21    Spells: 14/17 levels left

rFire   + . .      SeeInvis .    b - +1 flail (drain)
rCold   + . .      Faith    .    (no shield)
rNeg    . . .      Spirit   .    e - +3 leather armour {Will+}
rPois   .          Reflect  .    (helmet restricted)
rElec   .          Harm     .    A - +0 cloak
rCorr   .          Rampage  .    (no gloves)
Will    +....                    (boots unavailable)
Stlth   ++                       D - amulet "Afyoqiamni" {rC+ Regen+}
HPRegen 1.12/turn                F - ring of protection from fire
MPRegen 0.16/turn                X - +6 ring of dexterity

@: about to teleport, flying quickly and evasively, quick
A: beak, talons 3, nimble flight
a: no special abilities


You were on level 2 of the Lair of Beasts.
You visited 2 branches of the dungeon, and saw 12 of its levels.

You collected 1235 gold pieces.
You spent 145 gold pieces at shops.

Inventory:

Hand Weapons
 a - a +0 shortbow
 b - a +1 flail of draining (weapon)
 c - a +0 dagger of electrocution
 d - a +2 dagger of venom
 k - a +2 quarterstaff of chaos
 m - the +8 mace of the Queen {heavy, *Slow rF+ SInv}
   (You found it on level 1 of the Lair of Beasts)

   rF:        It protects you from fire.
   SInv:      It lets you see invisible.
   *Slow:     It may slow you when you take damage.
 u - a +0 dire flail
 K - a +0 halberd
 O - a +2 dire flail of holy wrath
Missiles
 i - 107 stones
 l - 4 javelins
 I - 2 atropa-tipped darts
 S - 4 boomerangs
 T - a poisoned dart
Armour
 e - a +3 leather armour of willpower (worn)
 n - a +2 chain mail of poison resistance
 x - an orb of energy
 A - a +0 cloak (worn)
Magical Staves
 w - a staff of cold
Jewellery
 y - an amulet of reflection
 z - an amulet of magic regeneration {@e1}
 D - the amulet "Afyoqiamni" (around neck) {rC+ Regen+}
   (You found it on level 8 of the Dungeon)

   [amulet of regeneration]

   rC:        It protects you from cold.
   Regen:     It increases your rate of health regeneration.
 F - a ring of protection from fire (left hand)
 G - an amulet of guardian spirit
 H - an amulet of faith {!P}
 M - an amulet of the acrobat
 W - a ring of magical power
 X - a +6 ring of dexterity (right hand)
Wands
 j - a wand of acid (1)
 q - a wand of flame (32)
 r - a wand of charming (8)
 Q - a wand of polymorph (3)
 V - a wand of iceblast (3)
Scrolls
 f - 9 scrolls of teleportation {@r4}
 g - 5 scrolls of fear
 h - 3 scrolls of fog
 p - a scroll of vulnerability {unknown}
 t - 3 scrolls of enchant armour
 v - 3 scrolls of immolation
 E - 2 scrolls of butterflies
 N - 2 scrolls of enchant weapon {unknown}
 P - 3 scrolls of brand weapon
 Y - 2 scrolls of torment {unknown}
Potions
 s - a potion of cancellation
 B - a potion of brilliance
 C - 2 potions of mutation {!q}
 J - a potion of invisibility
 R - 2 potions of ambrosia
 U - 5 potions of curing {@q1}
 Z - 2 potions of lignification
Miscellaneous
 o - a piece from Xom's chessboard (11/15)


   Skills:
 - Level 9.5 Fighting
 - Level 2.0 Short Blades
 - Level 10.0 Ranged Weapons
 - Level 3.0 Throwing
 - Level 10.2 Dodging
 - Level 3.0 Stealth
 - Level 1.1 Unarmed Combat
 + Level 3.4 Spellcasting
 * Level 7.3 Conjurations
 + Level 3.4 Ice Magic
 - Level 1.0 Invocations
 - Level 8.0 Evocations


You had 14 spell levels left.
You knew the following spells:

 Your Spells              Type           Power      Damage    Failure   Level
Y - Hailstorm             Conj/Ice       17%        3d6       9%          3

Your spell library contained the following spells:

 Spells                   Type           Power      Damage    Failure   Level
 Stone Arrow              Conj/Erth      24%        3d8       17%         3
 Sublimation of Blood     Necr           2%         N/A       36%         2
 Summon Guardian Golem    Hex/Summ       2%         N/A       58%         3
 Ice Form                 Ice/Tmut       7%         N/A       77%         4
 Irradiate                Conj/Tmut      6%         3d13      83%         5
 Animate Armour           Summ/Erth      4%         N/A       94%         4
 Petrify                  Tmut/Erth      2%         N/A       94%         4
 Simulacrum               Ice/Necr       3%         N/A       100%        6
 Orb of Destruction       Conj           11%        9d6       100%        7
 Spellforged Servitor     Conj/Summ      6%         N/A       100%        7
 Lehudib's Crystal Spear  Conj/Erth      6%         10d3      100%        8


Dungeon Overview and Level Annotations

Branches:
Dungeon (10/15)            Temple (0/1) D:5            Lair (2/5) D:9
  Swamp: Lair:2-3    Shoals: Lair:2-3     Snake: Lair:2-3    Spider: Lair:2-3
    Orc: D:9-12

Altars:
Dithmenos
Elyvilon
Kikubaaqudgha
Makhleb
Qazlal
Ru
Trog
Uskayaw
Vehumet
Yredelemnul

Shops:
D:2 ?   D:6 (


Innate Abilities, Weirdness & Mutations

You have a beak for a mouth.
You have claws for feet.
Your magical nature lets you fly swiftly and evasively.


Message History

The skyshark bites you but does no damage.
The skyshark completely misses you. The skyshark bites you.
* * * LOW HITPOINT WARNING * * *
The skyshark completely misses you. The skyshark closely misses you.
The skyshark barely misses you.
You hit the skyshark. You drain the skyshark. Your kick misses the skyshark.
You peck the skyshark, but do no damage.
The skyshark is heavily wounded.
The skyshark barely misses you. The skyshark closely misses you. x2
The skyshark tail-slaps you.
* * * LOW HITPOINT WARNING * * *
The skyshark misses you.
The skyshark tail-slaps you but does no damage.
You closely miss the skyshark.
You claw the skyshark, but do no damage.
You peck the skyshark, but do no damage.
The skyshark is heavily wounded.
The skyshark bites you!
* * * LOW HITPOINT WARNING * * *
The skyshark tail-slaps you.
* * * LOW HITPOINT WARNING * * *
The skyshark bites you!
* * * LOW HITPOINT WARNING * * *
The skyshark tail-slaps you.
* * * LOW HITPOINT WARNING * * *
The skyshark bites you but does no damage.
The skyshark barely misses you.
Okay, then.
Blink to where?
Press: ? - help, Dir - move target
As you read the scroll of blinking, it crumbles to dust.
As you read the scroll of teleportation {@r4}, it crumbles to dust.
You feel strangely unstable. The skyshark bites you.
* * * LOW HITPOINT WARNING * * *
The skyshark misses you. The skyshark bites you.
* * * LOW HITPOINT WARNING * * *
The skyshark tail-slaps you but does no damage.
The skyshark completely misses you. The skyshark misses you.
The skyshark attacks as you move away! The skyshark bites you!
You die...

..░....░ ░░.░ ░..░ .......░ ...░
░░..░ .......░░ ..░ ░...░░░
........░░░░ ░░..░ ░..░⚶.
.......░░░.░ ░░..░░░░░░░░░░.....
.......░░./░░░░..░░.⚵.░.░░.......
<......+...†.§.............⚵....░
l.......░..░░..░l.░[⚶░.░░░⚵⚵░░.⚶░
........░..░░░░░Q.░...░░ ░░░░░.░░
.......░░░†.░ ░.░..░..░ ░░░.░
░░░░░...░.....░░.░.....░ ░.░.░░
░░░░...............░░░░░░...░
░.....€..........░⚵░......
░░.⚶~..~..~.⚶⚶~.░░........
░.~⚶~~⚶~.⚶~ ~~.░░.⚶......
.░.~~⚶~~~~~~ +..░.†....
...~~~⚶~~l ░░░░......


You could see a skyshark (berserk, drained).

Vanquished Creatures
  3 two-headed ogres
  Lodul (D:10)
  3 elephants (Lair:1)
  Joseph (D:8)
  2 cane toads (Lair:1)
  A komodo dragon (Lair:2)
  A kobold demonologist (D:7)
  A rime drake (Lair:2)
  Psyche (D:8)
  A troll (D:9)
  Grinder (D:3)
  A blink frog (Lair:2)
  A vampire (D:10)
  3 wyverns
  9 yaks
  3 steam dragons
  Eustachio (D:6)
  3 wargs (D:9)
  An acid dragon (D:9)
  8 water moccasins
  2 orc warriors
  A black bear (D:6)
  2 ice beasts
  2 sky beasts
  7 ogres
  10 wolves (Lair:1)
  A phantom (D:5)
  5 centaurs
  3 gnoll sergeants
  10 bullfrogs
  4 scorpions
  3 necrophages
  4 wights (D:6)
  9 killer bees
  5 howler monkeys
  A hound (D:6)
  6 orc priests
  Crazy Yiuf (D:2)
  2 gnoll boudas
  3 jellies
  Jessica (D:2)
  4 iguanas
  8 orc wizards
  Robin (D:3)
  23 gnolls
  14 adders
  3 white imps
  2 worms
  3 dart slugs
  23 orcs
  8 ball pythons
  6 bats
  12 endoplasms
  7 giant cockroaches
  13 goblins
  11 hobgoblins
  15 jackals
  4 quokkas
  6 frilled lizards
  16 kobolds
  6 rats
313 creatures vanquished.

Vanquished Creatures (others)
  An iguana (D:7)
  10 fungi
  14 plants
  10 toadstools (D:2)
35 creatures vanquished.

Grand Total: 348 creatures vanquished

Notes
Turn   | Place    | Note
-------+----------+-------------------------------------------
     0 | D:1      | utis the Tengu Wanderer began the quest for the Orb.
     0 | D:1      | utis set off with the following items: a +0 shortbow, a
                  | scroll of fog, a piece from Xom's chessboard (15/15), a
                  | potion of curing {@q1}, a +0 leather armour.
     0 | D:1      | Reached XP level 1. HP: 12/12 MP: 2/2
   343 | D:1      | Reached XP level 2. HP: 16/16 MP: 3/3
  1051 | D:1      | Reached XP level 3. HP: 11/20 MP: 4/4
  1957 | D:2      | Reached XP level 4. HP: 26/26 MP: 5/5
  2057 | D:2      | Reached skill level 1 in Stealth
  2096 | D:2      | Gained mutation: Your magical nature lets you fly swiftly
                  | and evasively. [Tengu growth]
  2096 | D:2      | Reached XP level 5. HP: 30/30 MP: 6/6
  2166 | D:2      | Found a shadowy altar of Dithmenos.
  2468 | D:2      | Noticed Jessica
  2479 | D:2      | Killed Jessica
  2656 | D:2      | Found Weacwop's Magic Scroll Shoppe.
  2664 | D:2      | Bought a scroll of teleportation for 30 gold pieces
  2664 | D:2      | Bought a scroll of identify for 20 gold pieces
  2664 | D:2      | Bought a scroll of identify for 20 gold pieces
  2760 | D:2      | Found a runed translucent door.
  2761 | D:2      | Noticed Crazy Yiuf
  2880 | D:2      | Found a faded altar of an unknown god.
  3101 | D:2      | Killed Crazy Yiuf
  3387 | D:3      | Reached XP level 6. HP: 33/36 MP: 7/7
  3471 | D:3      | Noticed Robin
  3517 | D:3      | Killed Robin
  3555 | D:3      | Reached skill level 1 in Short Blades
  3572 | D:3      | Found a burning altar of Makhleb.
  3910 | D:3      | Noticed Grinder
  4804 | D:3      | Paralysed by Grinder for 3 turns
  4814 | D:3      | Killed Grinder
  4815 | D:3      | Reached XP level 7. HP: 42/42 MP: 8/8
  5585 | D:2      | Bought a scroll of blinking for 75 gold pieces
  5794 | D:4      | Identified the +0 robe of Zutouriu {Harm rF- Will++ Int+4}
  6503 | D:4      | Reached XP level 8. HP: 27/48 MP: 9/9
  6614 | D:5      | Entered Level 5 of the Dungeon
  6630 | D:5      | Reached skill level 5 in Dodging
  6698 | D:5      | You are sucked into a shaft and drop 3 floors!
  6797 | D:8      | Reached skill level 5 in Fighting
  6821 | D:8      | Noticed Psyche
  7074 | D:8      | Noticed Joseph
  7098 | D:8      | Killed Joseph
  7318 | D:7      | Reached skill level 5 in Ranged Weapons
  7433 | D:6      | Noticed a two-headed ogre
  7492 | D:7      | Reached XP level 9. HP: 27/55 MP: 10/10
  7910 | D:7      | Reached skill level 5 in Evocations
  8748 | D:6      | Found a radiant altar of Vehumet.
  9391 | D:7      | Noticed a kobold demonologist
  9789 | D:5      | Found a staircase to the Ecumenical Temple.
  9797 | D:5      | Learned a level 3 spell: Hailstorm
 10003 | D:5      | Reached skill level 1 in Conjurations
 10083 | D:5      | Reached XP level 10. HP: 60/63 MP: 10/12
 10470 | D:6      | Killed a two-headed ogre
 10471 | D:6      | Reached skill level 1 in Spellcasting
 10713 | D:6      | Found Arotemap's Weapon Shop.
 11046 | D:6      | Reached skill level 5 in Conjurations
 11066 | D:6      | Found an ancient bone altar of Kikubaaqudgha.
 11127 | D:6      | Noticed Eustachio
 11246 | D:6      | Found a basalt altar of Yredelemnul.
 11311 | D:6      | Killed Eustachio
 11312 | D:6      | Found a white marble altar of Elyvilon.
 11891 | D:7      | Found a sacrificial altar of Ru.
 12291 | D:8      | Identified the amulet "Afyoqiamni" {rC+ Regen+}
 12351 | D:8      | Killed Psyche
 12540 | D:8      | Found a hide-covered altar of Uskayaw.
 12830 | D:7      | Killed a kobold demonologist
 12951 | D:9      | Reached XP level 11. HP: 39/68 MP: 16/16
 13299 | D:9      | Noticed a two-headed ogre
 13384 | D:9      | Killed a two-headed ogre
 13721 | D:9      | Found a staircase to the Lair.
 13872 | D:9      | Noticed a two-headed ogre
 13889 | D:9      | Killed a two-headed ogre
 14048 | D:10     | Entered Level 10 of the Dungeon
 14369 | D:10     | Found a stormy altar of Qazlal.
 14529 | D:10     | Identified the +8 whip of Exoneration {venom, rPois rC+
                  | rCorr Str-2}
 14539 | D:10     | Noticed Lodul
 14579 | D:10     | Killed Lodul
 14898 | D:10     | Found a bloodstained altar of Trog.
 15124 | Lair:1   | Entered Level 1 of the Lair of Beasts
 15128 | Lair:1   | Identified the +8 mace of the Queen {heavy, *Slow rF+ SInv}
 16092 | Lair:1   | Reached XP level 12. HP: 42/76 MP: 8/17
 16352 | Lair:1   | Reached skill level 10 in Ranged Weapons
 16352 | Lair:1   | Reached skill level 10 in Dodging
 16897 | Lair:2   | Slain by a skyshark

Illustrated notes

Levels and vault maps discovered:
D:1:      dpeg_arrival_court, layout_loops_corners
D:2:      cheibrodos_fertilizer, layout_basic, basic_altar,
          dreamdust_ecumenical_altar_grove, serial_shops, nicolae_diamond_shop,
          uniq_jessica, uniq_crazy_yiuf_cottage
D:3:      layout_loops_ring, bloody_makhleb, grunt_decor_arrowhead, uniq_robin,
          uniq_grinder
D:4:      layout_loops_cross, minivault_4, minmay_misc_feat_cross
D:5:      layout_layer_cave, minmay_temple_entry_mini_moons
D:6:      hangedman_cross_stitches, layout_layer_cave, nicolae_vehumet_radiance,
          kiku_gazebo_pond_becter, kennysheep_ying_yang, serial_shops,
          nicolae_shop_bloodbath_and_beyond, uniq_eustachio
D:7:      hellmonk_crumbling_castle, layout_rooms,
          mainiacjoe_overflow_six_doors_small
D:8:      layout_basic, lemuel_doored_altar, nicolae_wwwww, minivault_22,
          uniq_psyche, uniq_joseph
D:9:      layout_stronghold, erik_lair_orcish_takeover, enter_bailey_2,
          amcnicky_mini_pool_small
D:10:     layout_basic, trog_book, grunt_qazlal_sundering, uniq_lodul
Lair:1:   layout_cave_pods, beast_lair_carwin_9, grunt_megastairs_2
Lair:2:   layout_roguey, elwin_shoals_entry_stream, nicolae_snake_entry_squirm,
          ebering_ghost_inner_flame, serial_bayou_shore_a

Skill      XL: |  1  2  3  4  5  6  7  8  9 10 11 12 |
---------------+-------------------------------------+-----
Dodging        | 2 3 4 6 8 9 10 | 10.2
Fighting       | 2 3 4 6 7 9 |  9.5
Stealth        | 1 3 |  3.0
Throwing       | 2 3 |  3.0
Short Blades   | 2 |  2.0
Evocations     | 3 4 6 7 8 |  8.0
Ranged Weapons | 5 6 9 10 | 10.0
Conjurations   | 2 6 7 |  7.3
Spellcasting   | 3 |  3.4
Ice Magic      | 3 |  3.4
Unarmed Combat | |  1.1
Invocations    | |  1.0

Action                     |  1- 3 |  4- 6 |  7- 9 | 10-12 || total
---------------------------+-------+-------+-------+-------++-------
  Melee: Unarmed           |    16 |       |       |       ||    16
         Kick              |    35 |    32 |   115 |   142 ||   324
         Peck              |    21 |    25 |    85 |    80 ||   211
         Dagger            |    76 |   105 |   325 |    75 ||   581
         Whip              |     2 |       |       |       ||     2
         Trident           |    26 |    38 |       |       ||    64
         Punch             |       |       |     7 |     7 ||    14
         Flail             |       |       |       |   309 ||   309
   Fire: Shortbow          |       |       |    38 |   233 ||   271
  Throw: Stone             |     9 |    18 |     1 |     6 ||    34
         Javelin           |     2 |     6 |    12 |       ||    20
         Dart              |       |       |     6 |     7 ||    13
         Boomerang         |       |       |     4 |       ||     4
         Throwing net      |       |       |       |     1 ||     1
   Cast: Hailstorm         |       |       |       |    28 ||    28
  Evoke: Piece from Xom's  |       |     7 |       |     9 ||    16
         Wand              |       |       |     8 |     1 ||     9
    Use: Scroll            |       |     5 |     5 |     9 ||    19
         Potion            |       |       |     2 |     2 ||     4
   Stab: Sleeping          |     1 |     1 |     2 |     2 ||     6
         Distracted        |       |     1 |       |       ||     1
         Petrified         |       |     5 |       |     3 ||     8
         Invisible         |       |       |       |     2 ||     2
         Held in net/web   |       |       |       |     2 ||     2
 Armour: Leather armour    |    31 |    16 |     5 |   113 ||   165
         Chain mail        |       |       |   128 |     4 ||   132
         Scale mail        |       |       |     3 |       ||     3
  Dodge: Dodged            |    70 |    59 |   154 |   679 ||   962
  Block: Other             |       |    18 |    38 |       ||    56
         Reflection        |       |     1 |     1 |       ||     2

Table legend: (Time is in decaauts)
 A = Elapsed time spent in this place.
 B = Non-inter-level travel time spent in this place.
 C = Inter-level travel time spent in this place.
 D = Time resting spent in this place.
 E = Time spent auto-exploring this place.
 F = Levels seen in this place.
 G = Mean time per level.
                   A        B        C        D        E       F      G
               +--------+--------+--------+--------+--------+-----+--------+
         Total |  16069 |  15045 |   1024 |   3078 |   7401 |  12 | 1339.1 |
       Dungeon |  14364 |  13377 |    987 |   2742 |   6569 |  10 | 1436.4 |
          Lair |   1705 |   1669 |     36 |    335 |    832 |   2 |  852.5 |
               +--------+--------+--------+--------+--------+-----+--------+

Top non-repeatable levels by time:
     D:2: 2739 daAuts
     D:6: 1842 daAuts
     D:1: 1460 daAuts
  Lair:1: 1458 daAuts
     D:5: 1438 daAuts
     D:7: 1424 daAuts
     D:3: 1228 daAuts
     D:8: 1170 daAuts
     D:9: 1111 daAuts
     D:4: 987 daAuts
    D:10: 961 daAuts
  Lair:2: 247 daAuts
